 Dungeon Crawl Stone Soup version 0.16-a0-783-gf476f6a (webtiles) character file.

14612 PolkaDot the Bewitcher (level 11, -30/68 HPs)
             Began as a Vampire Enchanter on Sept 26, 2014.
             Was a Priest of Ashenzari.
             Hit by a large rock thrown by a cyclops (47 damage)
             ... on Level 11 of the Dungeon.
             The game lasted 01:20:56 (19845 turns).

PolkaDot the Bewitcher (Vampire Enchanter)         Turns: 19845, Time: 01:20:57

HP -30/68        AC  6     Str  7      XL: 11   Next: 91%
MP  17/17        EV 11     Int 20      God: Ashenzari [***...]
Gold 727         SH  0     Dex 14      Spells:  5 memorised,  2 levels left

rFire  . . .     SeeInvis +     a - +1 dagger (curse)
rCold  + + .     Clarity  +     L - +0 troll leather armour (curse)
rNeg   + + +     rCorr    .     (no shield)
rPois  +         rRot     +     l - +0 hat (curse)
rElec  .         Spirit   .     (no cloak)
SustAb .         Warding  .     p - +0 pair of gloves (curse)
rMut   .         Stasis   .     x - +0 pair of boots (curse)
Gourm  .                        (no amulet)
MR     +....                    e - cursed ring of wizardry
                                D - cursed ring of flight

@: lethally poisoned, bloodless, non-regenerating, somewhat resistant to hostile
enchantments, extraordinarily stealthy
A: bottle blood, fangs 3, see invisible, unbreathing
a: Bat Form, Bottle Blood, Renounce Religion, Evoke Flight


You were on level 11 of the Dungeon.
You worshipped Ashenzari.
Ashenzari was most pleased with you.
You were bloodless.

You visited 2 branches of the dungeon, and saw 13 of its levels.
You also visited: Sewer.

You collected 727 gold pieces.

Inventory:

Hand weapons
 a - a cursed +1 dagger (weapon)
Missiles
 m - 12 poisoned needles
Armour
 l - a cursed +0 hat (worn)
 p - a cursed +0 pair of gloves (worn)
 x - a cursed +0 pair of boots (worn)
 L - a cursed +0 troll leather armour (worn)
Magical devices
 d - a wand of polymorph (5)
 z - a wand of hasting (2)
 M - a wand of flame (13)
Scrolls
 f - a scroll of amnesia
 g - 4 scrolls of teleportation
 j - 3 scrolls of blinking
 k - 5 scrolls of recharging
 u - a scroll of fog
 v - a scroll of magic mapping {unknown}
 y - 2 scrolls of enchant weapon {unknown}
 A - a scroll of curse armour
 E - a scroll of vulnerability
 F - 3 scrolls of remove curse
 K - a scroll of enchant armour
Jewellery
 b - an uncursed ring of sustain abilities
 e - a cursed ring of wizardry (right hand)
 D - a cursed ring of flight (left hand)
 N - a +1 ring of dexterity
 O - an uncursed ring of ice
Potions
 c - 4 potions of brilliance
 h - 4 potions of might
 i - 3 potions of curing
 n - a potion of flight
 o - 2 potions of magic
 q - 2 potions of haste
 r - 3 potions of heal wounds {unknown}
 s - 2 potions of mutation {unknown}
 t - 2 potions of restore abilities {unknown}
 B - a potion of poison {unknown}
 C - 2 potions of agility {unknown}
 H - a potion of lignification {unknown}
 I - a potion of beneficial mutation {unknown}
 J - a potion of berserk rage {unknown}
Books
 G - a book of Hinderance

   Spells                             Type                      Level
   Confusing Touch                    Hexes                        2
   *Confuse                           Hexes                        3
   Petrify                            Transmutation/Earth          4
   Leda's Liquefaction                Hexes/Earth                  4
   Metabolic Englaciation             Hexes/Ice                    5
   Summon Mana Viper                  Hexes/Summoning              5


   Skills:
 + Level 10.5(13.2) Short Blades
 - Level 2.1(3.6) Dodging
 + Level 14.8(16.3) Stealth
 - Level 2.0 Spellcasting
 * Level 18.4(19.8) Hexes
 - Level 1.0(2.1) Ice Magic


You had 2 spell levels left.
You knew the following spells:

 Your Spells              Type           Power        Failure   Level  Hunger
a - Corona                Hex            ######.      0%          1    #......
b - Sure Blade            Hex/Chrm       #####.....   1%          2    ##.....
c - Confuse               Hex            ######..     0%          3    ###....
d - Ensorcelled Hibernat  Hex/Ice        #####.       1%          2    ##.....
e - Enslavement           Hex            ######..     1%          4    #####..


Dungeon Overview and Level Annotations

Branches:
Dungeon (12/15)            Temple (1/1) D:5
    Orc: D:9-12        Lair: D:8-11

Altars:
Ashenzari
Cheibriados
Dithmenos
Elyvilon
Fedhas
Gozag
Kikubaaqudgha
Makhleb
Nemelex Xobeh
Okawaru
Qazlal
Ru
Sif Muna
Trog
Vehumet
Xom
Yredelemnul
Zin
The Shining One
Beogh

Shops:
D:9 (   D:11 !


Innate Abilities, Weirdness & Mutations

You do not heal naturally.
You can bottle blood from corpses.
You have razor-sharp teeth.
You have supernaturally acute eyesight.
You can survive without breathing.


Message History

The hill giant is moderately wounded.
You hit the hill giant.
The hill giant is moderately wounded.
You hit the hill giant but do no damage.
The hill giant is moderately wounded.
You catch the helpless hill giant completely off-guard!
You bite the hill giant, and draw its blood!
You feel better.
You perforate the hill giant like a sieve!!!
You kill the hill giant!
You start resting.
You start resting.
Magic restored.
You now have 727 gold pieces (gained 10).
g - 4 scrolls of teleportation (gained 1)
A cyclops comes into view.
The cyclops shouts!
The cyclops throws a large rock.
The large rock hits you!!!
Ouch! That really hurt!
You die...

, ###################
.................... *
#########...........
#...........
*###########............
,..............@...$....
*
##.######...##########C
#.######...######*
####.....)......%....,
.................... ,,
..#########...###### *
..# #...# ..# #...# *
..# *** #...#** *


You could see a cyclops.

Vanquished Creatures
  Fannar (D:11)
  A hydra (D:11)
  An ugly thing (D:9)
  2 hill giants (D:11)
  2 cyclopes
  2 trolls (D:10)
  Prince Ribbit (D:5)
  A wraith (D:10)
  A steam dragon (D:9)
  16 yaks
  5 hippogriffs
  5 killer bees
  A hungry ghost (D:10)
  3 vampire mosquitoes (D:10)
  Edmund (D:6)
  A water moccasin (D:10)
  A soldier ant (D:8)
  2 yellow wasps (D:8)
  3 phantoms
  2 sky beasts
  A spider (D:8)
  8 centaurs
  2 ice beasts
  6 orc warriors
  7 ogres
  A crocodile (D:11)
  The ghost of Ratboiler the Poker, an average OpSk (D:3)
  2 big kobolds
  Blork the orc (D:5)
  11 giant frogs
  3 scorpions
  An eye of draining (D:10)
  2 wights (D:6)
  A goliath beetle (D:9)
  6 crimson imps
  3 quasits
  A centaur skeleton (D:6)
  7 electric eels (D:10)
  A jelly (D:5)
  2 orc priests
  2 iguanas
  A giant frog skeleton (D:4)
  10 hounds
  A gnoll shaman (D:9)
  Natasha (D:4)
  9 orc wizards
  6 worker ants
  2 sheep (D:10)
  An ogre skeleton (D:6)
  2 orc zombies
  19 adders
  A scorpion zombie (D:5)
  19 gnolls
  7 green rats (Sewer)
  A shadow imp (D:6)
  A giant mite (D:7)
  3 worms
  An adder zombie (D:7)
  An iguana skeleton (D:5)
  8 giant geckos
  3 oozes
  48 orcs
  14 ball pythons
  7 giant cockroaches
  15 goblins
  13 hobgoblins
  21 jackals
  17 bats
  7 giant newts
  A hobgoblin skeleton (D:5)
  A hobgoblin zombie (D:6)
  A jackal skeleton (D:4)
  27 kobolds
  An orc skeleton (D:8)
  6 quokkas
  34 rats
  8 ballistomycetes
439 creatures vanquished.

Vanquished Creatures (collateral kills)
  A vampire mosquito (D:10)
  3 killer bees (D:9)
  A wight (D:6)
  An orc priest (D:10)
  An iguana (D:8)
  A gnoll (D:9)
  An orc (D:6)
  2 giant spores
  A rat (D:8)
12 creatures vanquished.

Vanquished Creatures (others)
  2 giant spores
  A butterfly (D:10)
3 creatures vanquished.

Grand Total: 454 creatures vanquished

Notes
Turn   | Place    | Note
--------------------------------------------------------------
     0 | D:1      | PolkaDot, the Vampire Enchanter, began the quest for the Orb.
     0 | D:1      | Reached XP level 1. HP: 13/13 MP: 3/3
   269 | D:1      | Reached XP level 2. HP: 19/19 MP: 2/4
   274 | D:1      | Reached skill level 5 in Hexes
   378 | D:1      | Learned a level 2 spell: Ensorcelled Hibernation
   697 | D:1      | Reached skill level 1 in Ice Magic
   768 | D:1      | Reached XP level 3. HP: 20/24 MP: 0/6
  1687 | D:2      | Reached skill level 5 in Stealth
  1775 | D:2      | Learned a level 3 spell: Confuse
  2140 | D:3      | Reached XP level 4. HP: 30/30 MP: 4/7
  2300 | D:3      | Noticed Ratboiler's ghost (average OpSk)
  2310 | D:3      | Killed Ratboiler's ghost
  2310 | D:3      | Reached skill level 6 in Hexes
  2310 | D:3      | Reached XP level 5. HP: 25/35 MP: 5/9
  2610 | D:3      | Reached skill level 7 in Hexes
  3187 | D:4      | Noticed an ogre
  3204 | D:4      | Killed an ogre
  3204 | D:4      | Reached XP level 6. HP: 19/41 MP: 7/10
  3987 | D:4      | Reached skill level 8 in Hexes
  4843 | D:5      | Entered Level 5 of the Dungeon
  4879 | D:5      | Reached XP level 7. HP: 46/46 MP: 9/12
  4914 | D:5      | Found a staircase to the Ecumenical Temple.
  4918 | Temple   | Entered the Ecumenical Temple
  4922 | Temple   | Became a worshipper of Ashenzari the Shackled
  4996 | D:5      | Noticed Prince Ribbit
  5010 | D:5      | Found a glowing drain.
  5015 | Sewer    | Entered a sewer
  5142 | Sewer    | Reached skill level 9 in Hexes
  6051 | Sewer    | Reached skill level 10 in Hexes
  7109 | D:4      | Noticed Natasha
  7156 | D:4      | Killed Natasha
  7158 | D:4      | Reached XP level 8. HP: 52/52 MP: 1/13
  7253 | D:4      | Learned a level 4 spell: Enslavement
  7672 | D:4      | Reached skill level 5 in Short Blades
  8000 | D:5      | Noticed Blork the orc
  8011 | D:5      | Killed Blork the orc
  8464 | D:5      | Reached skill level 11 in Hexes
  8633 | D:5      | Killed Prince Ribbit
  8820 | D:5      | Reached skill level 12 in Hexes
  9270 | D:5      | Reached XP level 9. HP: 57/57 MP: 11/14
  9920 | D:5      | Learned a level 2 spell: Sure Blade
  9957 | D:6      | Found a bloodstained altar of Trog.
 10384 | D:6      | Reached skill level 10 in Stealth
 10518 | D:6      | Found a shadowy altar of Dithmenos.
 10781 | D:6      | Noticed Edmund
 10784 | D:6      | Killed Edmund
 11117 | D:6      | Reached skill level 13 in Hexes
 12100 | D:7      | Found an iron altar of Okawaru.
 12361 | D:7      | Found a stormy altar of Qazlal.
 12871 | D:7      | Reached skill level 14 in Hexes
 13153 | D:8      | Acquired Ashenzari's first power
 13165 | D:8      | Found an ancient bone altar of Kikubaaqudgha.
 13245 | D:8      | Found a white marble altar of Elyvilon.
 13409 | D:8      | Identified the cursed -4 ring mail "Dyobb" {Int+4}
 13438 | D:8      | Reached XP level 10. HP: 60/63 MP: 13/16
 14097 | D:9      | Noticed a white ugly thing
 14173 | D:9      | Found a shimmering altar of Xom.
 14347 | D:9      | Reached skill level 15 in Hexes
 14591 | D:9      | Found a glowing silver altar of Zin.
 15131 | D:9      | Found Bore's Weapon Shoppe.
 15566 | D:9      | Killed a white ugly thing
 15575 | D:10     | Entered Level 10 of the Dungeon
 16187 | D:10     | Reached skill level 16 in Hexes
 16564 | D:10     | Acquired Ashenzari's second power
 16759 | D:10     | Reached XP level 11. HP: 68/68 MP: 17/17
 18488 | D:11     | Identified the +8 chain mail of Supple Strength {rC+ Curse}
 18615 | D:11     | Reached skill level 17 in Hexes
 18661 | D:11     | Noticed a seven-headed hydra
 18689 | D:11     | Killed a seven-headed hydra
 18747 | D:11     | Reached skill level 10 in Short Blades
 19162 | D:11     | Noticed a hill giant
 19205 | D:11     | Killed a hill giant
 19307 | D:11     | Reached skill level 18 in Hexes
 19341 | D:12     | Found a roughly hewn altar of Beogh.
 19352 | D:11     | Found Kaphacvi's Distillery.
 19363 | D:11     | Noticed Fannar
 19378 | D:11     | Killed Fannar
 19383 | D:11     | Noticed a cyclops
 19452 | D:11     | Killed a cyclops
 19685 | D:11     | Noticed a hill giant
 19727 | D:11     | Killed a hill giant
 19845 | D:11     | Noticed a cyclops
 19845 | D:11     | Hit by a large rock thrown by a cyclops

Action                   |  1- 3 |  4- 6 |  7- 9 | 10-12 || total
-------------------------+-------+-------+-------+-------++-------
Melee: Dagger            |   132 |   121 |   514 |   393 ||  1160
 Cast: Corona            |    10 |       |     3 |     4 ||    17
       Ensorcelled Hiber |    19 |    45 |   144 |   104 ||   312
       Confuse           |     1 |     3 |    32 |    19 ||    55
       Enslavement       |       |       |     7 |    16 ||    23
 Abil: Bottle Blood      |       |       |       |     1 ||     1
Evoke: Wand              |       |       |     1 |     1 ||     2
  Use: Scroll            |       |     7 |    11 |    16 ||    34
       Potion            |       |       |     1 |     2 ||     3
 Stab: Sleeping          |    28 |    42 |   128 |   109 ||   307
       Confused          |     1 |     4 |    16 |    10 ||    31
       Distracted        |       |     2 |     1 |     1 ||     4
       Betrayed ally     |       |       |       |     1 ||     1
  Eat: Corpse            |       |       |     2 |       ||     2
